 Dungeon Crawl Stone Soup version 0.27.1-1-g398f81649c (webtiles) character file.

Game seed: 6463895618451784381

116 Descartes the Sneak (level 4, -2/23 HPs)
             Began as a Spriggan Delver on Sept 13, 2021.
             Slain by a mummy (16 damage)
             ... in an ossuary.
             The game lasted 00:05:56 (1055 turns).

Descartes the Sneak (Spriggan Delver)               Turns: 1055, Time: 00:05:56

Health: -2/23      AC:  2    Str:  9    XL:     4   Next: 70%
Magic:  6/6        EV: 18    Int:  9    God:
Gold:   44         SH:  5    Dex: 16    Spells: 2/5 levels left

rFire    + . .     SeeInvis +   m - +4 spear of a ziggurat {vorpal, rPois rF+ rN+ Int-2}
rCold    . . .     Faith    .   (shield restricted)
rNeg     + . .     Spirit   .   i - +0 robe
rPois    +         Reflect  +   (helmet restricted)
rElec    .         Harm     .   (no cloak)
rCorr    .         Rampage  .   (gloves unavailable)
Will     .....                  (boots unavailable)
Stlth    ++++......             k - amulet of reflection
HPRegen  0.07/turn              (no ring)
MPRegen  0.10/turn              (no ring)

@: marked, very quick
A: very small, no large weapons, unfitting armour, see invisible, speed 3
a: no special abilities


You were in an ossuary.
You visited 1 branch of the dungeon, and saw 2 of its levels.
You also visited: Ossuary.

You collected 44 gold pieces.

Inventory:

Hand Weapons
 a - a +0 short sword
 b - a +0 hunting sling
 m - the +4 spear of a ziggurat (weapon) {vorpal, rPois rF+ rN+ Int-2}
   (You found it on level 5 of the Dungeon)

   It inflicts extra damage upon your enemies.
   Int:       It affects your intelligence (-2).
   rF:        It protects you from fire.
   rPois:     It protects you from poison.
   rN:        It protects you from negative energy.
Missiles
 p - 20 bolts
Armour
 i - a +0 robe (worn)
Jewellery
 k - an amulet of reflection (around neck)
Wands
 g - a wand of digging (2)
 n - a wand of polymorph (14)
Scrolls
 c - 2 scrolls of fog
 d - a scroll of magic mapping
 e - a scroll of fear
 h - a scroll of enchant armour {unknown}
 l - a scroll of identify {unknown}
 o - a scroll of noise {unknown}
Potions
 f - a potion of haste
 j - a potion of invisibility {unknown}


   Skills:
 - Level 2.4 Fighting
 + Level 3.1 Short Blades
 + Level 2.3 Slings
 + Level 3.6 Dodging
 + Level 7.9 Stealth
 + Level 1.3 Spellcasting
 + Level 0.4 Hexes
 + Level 1.4 Evocations


You had 2 spell levels left.
You knew the following spells:

 Your Spells              Type           Power      Damage    Failure   Level
a - Confusing Touch       Hex            1%         N/A       67%         3

Your spell library contained the following spells:

 Spells                   Type           Power      Damage    Failure   Level
 Slow                     Hex            1%         N/A       43%         2
 Yara's Violent Unravell  Hex/Tmut       0%         3d3       100%        5


Dungeon Overview and Level Annotations

Branches:
Dungeon (5/15)             Temple (0/1) D:4         Ossuary (1/1)

Altars:

Annotations:
D:4 Edmund
D:5 Menkaure


Innate Abilities, Weirdness & Mutations

You are very small and have problems with some larger weapons.
You are too small for most types of armour.
You have supernaturally acute eyesight. (SInv)
You cover ground extremely quickly. (Speed+++)


Message History

The hobgoblin zombie closely misses you.
A mummy comes into view.
You feel stupid.
m - the +4 spear of a ziggurat (weapon)
{vorpal, rPois rF+ rN+ Int-2} You hit the goblin zombie.
The goblin zombie is almost destroyed.
A kobold zombie comes into view.
An elf zombie comes into view.
The goblin zombie closely misses you. The hobgoblin zombie hits you.
You puncture the goblin zombie!
You destroy the goblin zombie!
The hobgoblin zombie completely misses you.
You closely miss the elf zombie. You hit the elf zombie.
The elf zombie is lightly damaged.
You block the hobgoblin zombie's attack.
The elf zombie hits you.
You hit the elf zombie.
The elf zombie is lightly damaged.
The hobgoblin zombie misses you. The elf zombie barely misses you.
You hit the elf zombie.
The elf zombie is lightly damaged.
The hobgoblin zombie closely misses you.
The elf zombie barely misses you.
You hit the elf zombie.
The elf zombie is moderately damaged.
The hobgoblin zombie completely misses you.
You block the elf zombie's attack.
You hit the elf zombie.
The elf zombie is moderately damaged.
The elf zombie completely misses you.
You barely miss the elf zombie.
The elf zombie is moderately damaged.
You completely miss the elf zombie.
The elf zombie is moderately damaged.
The elf zombie barely misses you.
You closely miss the elf zombie.
The elf zombie is moderately damaged.
The elf zombie misses you. The mummy hits you!
Ouch! That really hurt!
You die...

#...##############...#
#...# #...# #...#
#...# #...# #...#
#...####+.... #...#
#...#.....∩.# #...#
#...#.......# #...#
#...#.......# #...#
#...#.....ZZ####.#...#
#...#.....ZZM@ZMZ#...#
#...#.####.Z####Z#...#
#...# #..# #...# #...#
#.^# #...#
#...######.^######...#
#....................#
#........8..8........#
#....................#
#....................#


You could see 2 mummies, an adder zombie, a hobgoblin zombie, 2 kobold zombies,
an orc zombie and 3 elf zombies.

Vanquished Creatures
  A phantom (D:5)
  2 hound zombies (D:5)
  2 endoplasms (D:4)
  2 goblin zombies (Ossuary)
  8 hobgoblin zombies (Ossuary)
  5 kobold zombies (Ossuary)
  9 orc zombies (Ossuary)
29 creatures vanquished.

Vanquished Creatures (others)
  A jelly (D:5)
1 creature vanquished.

Grand Total: 30 creatures vanquished

Notes
Turn   | Place    | Note
-------+----------+-------------------------------------------
     0 | D:5      | Descartes the Spriggan Delver began the quest for the Orb.
     0 | D:5      | Reached XP level 1. HP: 11/11 MP: 2/2
     4 | D:5      | Killed a jelly
   182 | D:5      | Reached skill level 1 in Slings
   182 | D:5      | Reached XP level 2. HP: 16/16 MP: 3/3
   279 | D:5      | Noticed an ogre
   430 | D:5      | Noticed a phantom
   438 | D:5      | Killed a phantom
   439 | D:5      | Reached skill level 1 in Spellcasting
   439 | D:5      | Reached skill level 1 in Evocations
   439 | D:5      | Reached XP level 3. HP: 19/19 MP: 3/5
   439 | D:5      | Reached XP level 4. HP: 23/23 MP: 3/6
   443 | D:5      | Learned a level 3 spell: Confusing Touch
   525 | D:5      | Identified the +4 spear of a ziggurat {vorpal, rPois rF+
                  | rN+ Int-2}
   647 | D:5      | Noticed Menkaure
   720 | D:4      | Noticed Edmund
   724 | D:4      | Noticed a scorpion
   777 | D:4      | Found a sand-covered staircase.
   782 | Ossuary  | Entered an ossuary
  1055 | Ossuary  | Slain by a mummy

Illustrated notes

Levels and vault maps discovered:
D:4:      layout_gridville, doesnt_xom_only_xom, temple_hall,
          nicolae_ossuary_entry_false_entrances, kennysheep_generic_room_5,
          uniq_edmund, uniq_eustachio
D:5:      layout_cave_pods, lemuel_flamethrower_2, uniq_menkaure
Ossuary:  ossuary_tomb_1

Skill      XL: |  1  2 |
---------------+-------+-----
Slings         | 1 2 |  2.3
Dodging        | 3 |  3.6
Short Blades   | 3 |  3.1
Spellcasting   | 1 |  1.3
Evocations     | 1 |  1.4
Fighting       | |  2.4
Stealth        | |  7.9
Hexes          | |  0.4

Action                   |  1- 3 |  4- 6 || total
-------------------------+-------+-------++-------
Melee: Short sword       |    10 |   119 ||   129
       Spear             |       |    11 ||    11
Evoke: Wand              |       |     1 ||     1
  Use: Scroll            |       |     1 ||     1
 Stab: Sleeping          |     2 |     1 ||     3
Armor: Robe              |       |     6 ||     6
Dodge: Dodged            |     6 |   108 ||   114
Block: Other             |     2 |    30 ||    32
